 Dungeon Crawl Stone Soup version 0.21.1-1-g345015fe64 (webtiles) character file.

5072 Freyura the Blocker (level 10, 0/82 HPs)
             Began as a Gnoll Fighter on May 18, 2018.
             Was a Priest of Ashenzari.
             Killed from afar by an orc wizard (10 damage)
             ... with a magic dart
             ... on level 10 of the Dungeon.
             The game lasted 00:29:02 (8720 turns).

Freyura the Blocker (Gnoll Fighter)                 Turns: 8720, Time: 00:29:03

Health: 0/82       AC: 15    Str: 28    XL:     10   Next: 56%
Magic:  16/16      EV: 10    Int: 10    God:    Ashenzari [***...]
Gold:   589        SH:  0    Dex: 17    Spells: 19/19 levels left

rFire    . . .     SeeInvis +   l - +0 morningstar (curse)
rCold    . . .     Gourm    .   c - +0 shield (curse)
rNeg     . . .     Faith    .   y - +0 plate armour
rPois    .         Spirit   .   (no helmet)
rElec    .         Reflect  .   k - +0 cloak
rCorr    .         Harm     .   (no gloves)
MR       .....                  (no boots)
Stlth    ..........             (no amulet)
HPRegen  0.23/turn              m - +3 ring of strength
MPRegen  0.15/turn              w - ring of see invisible

@: confused, mighty, hasted, very quick
A: distributed training, fangs 1, blurry vision 1, low mp 1, sense surroundings
1, strong nose
a: Curse Item, Scrying, Renounce Religion


You were on level 10 of the Dungeon.
You worshipped Ashenzari.
Ashenzari was most pleased with you.
You were not hungry.

You visited 2 branches of the dungeon, and saw 11 of its levels.

You collected 589 gold pieces.

Inventory:

Hand Weapons
 a - a +0 flail
 b - the +10 arbalest of Dullness {venom, rPois Str-2 Int+4 Dex+6}
   (You found it on level 7 of the Dungeon)

   It poisons the ammo it fires.
   It affects your strength (-2).
   It affects your intelligence (+4).
   It affects your dexterity (+6).
   It protects you from poison.
 g - a +0 triple crossbow
 l - a cursed +0 morningstar (weapon)
 F - a +3 quarterstaff of chaos
Armour
 c - a cursed +0 shield (worn)
 k - a +0 cloak (worn)
 y - a +0 plate armour (worn)
 G - a +0 cloak
Jewellery
 m - a +3 ring of strength (left hand)
 t - an uncursed amulet of the gourmand
 w - a ring of see invisible (right hand)
 A - an uncursed ring of wizardry
 I - an uncursed amulet of harm
 K - an uncursed ring of ice
Wands
 d - a wand of random effects (19)
 v - a wand of flame (34)
 D - a wand of disintegration (2)
Scrolls
 h - 6 scrolls of remove curse
 j - 3 scrolls of teleportation
 n - 3 scrolls of immolation {unknown}
 o - 2 scrolls of amnesia
 p - a scroll of noise {unknown}
 r - a scroll of random uselessness {unknown}
 z - a scroll of magic mapping {unknown}
 B - a scroll of enchant armour {unknown}
 E - 2 scrolls of fog {unknown}
 J - a scroll of vulnerability {unknown}
Potions
 e - 3 potions of resistance
 q - a potion of ambrosia
 s - a potion of haste
 x - a potion of might
Comestibles
 f - a ration


   Skills:
 + Level 8.5 Fighting
 + Level 5.3 Short Blades
 + Level 5.3 Long Blades
 + Level 5.3 Axes
 + Level 7.1(10.1) Maces & Flails
 + Level 5.3 Polearms
 + Level 5.3 Staves
 + Level 5.3 Slings
 + Level 5.3 Bows
 + Level 5.3 Crossbows
 + Level 5.3 Throwing
 + Level 8.5 Armour
 + Level 5.3 Dodging
 + Level 5.3 Stealth
 + Level 8.5(10.4) Shields
 + Level 5.3 Unarmed Combat
 + Level 5.3 Spellcasting
 + Level 4.3 Conjurations
 + Level 4.3 Hexes
 + Level 4.3 Charms
 + Level 4.3 Summonings
 + Level 4.3 Necromancy
 + Level 4.3 Translocations
 + Level 4.3 Transmutations
 + Level 4.3 Fire Magic
 + Level 4.3 Ice Magic
 + Level 4.3 Air Magic
 + Level 4.3 Earth Magic
 + Level 4.3 Poison Magic
 + Level 5.8 Invocations
 + Level 5.3 Evocations


You had 19 spell levels left.
You didn't know any spells.

Dungeon Overview and Level Annotations

Branches:
Dungeon (10/15)            Temple (1/1) D:4
   Lair: D:8-11         Orc: D:9-12

Altars:
Ashenzari
Cheibriados
Dithmenos
Elyvilon
Fedhas
Gozag
Hepliaklqana
Kikubaaqudgha
Makhleb
Nemelex Xobeh
Okawaru
Qazlal
Ru
Sif Muna
Trog
Uskayaw
Vehumet
Wu Jian
Xom
Yredelemnul
Zin
The Shining One

Shops:
D:5 [


Innate Abilities, Weirdness & Mutations

Your experience applies equally to all skills.
You have very sharp teeth.
Your uncanny sense of smell can sniff out nearby items.
Scrolls take you a little longer to read.
Your magical capacity is low. (-10% MP)
You passively map a small area around you.


Message History

The troll claws you.
* * * LOW HITPOINT WARNING * * *
You puncture the troll!
The troll is severely wounded.
The orc wizard hits you but does no damage.
The orc wizard gestures wildly while chanting.
The orc wizard seems to speed up.
You bump into the rock wall.
The troll closely misses you. The troll claws you but does no damage.
The troll claws you!
* * * LOW HITPOINT WARNING * * *
The orc wizard hits you with a dagger.
* * * LOW HITPOINT WARNING * * *
You bump into the rock wall.
The orc wizard hits you but does no damage.
The troll bites you but does no damage. The troll claws you but does no damage.
The troll closely misses you. The orc wizard barely misses you.
You bump into the orcish idol.
The orc wizard gestures at you while chanting.
The magic dart hits you!
You die...

######### #.......#
#.......# # *
####......# ##.
##8##......#
..#...#@T.#......#####
.......oo.†...<.......#
,
......................#
,
......................#
,
..#...#...#...........#
* 8
##8###.##...........#
## ####...........#
#...........#
#...........


You could see a troll and 2 orc wizards.

Vanquished Creatures
  A troll (D:9)
  A hornet (D:9)
  A hippogriff (D:9)
  A wyvern (D:9)
  4 yaks (D:9)
  A water moccasin (D:8)
  A sky beast (D:8)
  2 ice beasts
  7 orc warriors
  2 phantoms (D:5)
  An ogre (D:6)
  3 centaurs
  2 necrophages (D:8)
  A big kobold (D:9)
  2 bullfrogs
  5 scorpions
  A water moccasin skeleton (D:6)
  4 killer bees (D:8)
  2 howler monkeys (D:8)
  6 crimson imps
  A hound (D:4)
  2 quasits
  A centaur skeleton (D:8)
  Crazy Yiuf (D:7)
  5 orc priests
  A jelly (D:3)
  4 bullfrog skeletons
  Terence (D:3)
  An iguana (D:4)
  7 orc wizards
  5 worker ants
  A hound zombie (D:5)
  2 worker ant zombies (D:7)
  4 gnolls (D:3)
  A howler monkey skeleton (D:7)
  4 adders
  2 shadow imps (D:8)
  An adder skeleton (D:6)
  4 worms
  3 dart slugs
  3 leopard geckos
  30 orcs
  7 bats
  4 giant cockroaches
  5 goblins
  7 hobgoblins
  15 jackals
  2 quokkas (D:6)
  3 frilled lizards
  8 kobolds
  2 quokka skeletons
  2 quokka zombies
  4 rats
191 creatures vanquished.

Notes
Turn   | Place    | Note
-------+----------+-------------------------------------------
     0 | D:1      | Freyura the Gnoll Fighter began the quest for the Orb.
     0 | D:1      | Reached XP level 1. HP: 23/23 MP: 1/1
   127 | D:1      | Reached XP level 2. HP: 29/29 MP: 2/2
   747 | D:2      | Found a stormy altar of Qazlal.
   794 | D:2      | Reached XP level 3. HP: 27/35 MP: 3/3
   861 | D:2      | Found a burning altar of Makhleb.
   921 | D:2      | Reached skill level 1 in Invocations
  1038 | D:2      | Reached skill level 1 in Short Blades
  1038 | D:2      | Reached skill level 1 in Long Blades
  1038 | D:2      | Reached skill level 1 in Axes
  1038 | D:2      | Reached skill level 1 in Polearms
  1038 | D:2      | Reached skill level 1 in Staves
  1038 | D:2      | Reached skill level 1 in Slings
  1038 | D:2      | Reached skill level 1 in Bows
  1038 | D:2      | Reached skill level 1 in Crossbows
  1038 | D:2      | Reached skill level 1 in Throwing
  1038 | D:2      | Reached skill level 1 in Dodging
  1038 | D:2      | Reached skill level 1 in Stealth
  1038 | D:2      | Reached skill level 1 in Unarmed Combat
  1038 | D:2      | Reached skill level 1 in Spellcasting
  1038 | D:2      | Reached skill level 1 in Evocations
  1149 | D:2      | Reached XP level 4. HP: 41/41 MP: 5/5
  1650 | D:3      | Reached skill level 1 in Conjurations
  1650 | D:3      | Reached skill level 1 in Hexes
  1650 | D:3      | Reached skill level 1 in Charms
  1650 | D:3      | Reached skill level 1 in Summonings
  1650 | D:3      | Reached skill level 1 in Necromancy
  1650 | D:3      | Reached skill level 1 in Translocations
  1650 | D:3      | Reached skill level 1 in Transmutations
  1650 | D:3      | Reached skill level 1 in Fire Magic
  1650 | D:3      | Reached skill level 1 in Ice Magic
  1650 | D:3      | Reached skill level 1 in Air Magic
  1650 | D:3      | Reached skill level 1 in Earth Magic
  1650 | D:3      | Reached skill level 1 in Poison Magic
  1650 | D:3      | Reached XP level 5. HP: 30/47 MP: 6/6
  1657 | D:3      | Noticed Terence
  1663 | D:3      | Killed Terence
  1751 | D:3      | Found a hide-covered altar of Uskayaw.
  1755 | D:3      | Found a sacrificial altar of Ru.
  1760 | D:3      | Found an ornate altar of the Wu Jian Council.
  1760 | D:3      | Found a deep blue altar of Sif Muna.
  1760 | D:3      | Found a shadowy altar of Dithmenos.
  1761 | D:3      | Found a sparkling altar of Nemelex Xobeh.
  1893 | D:4      | Found the +4 skin of Zhor {rC+++}
  1941 | D:4      | Reached XP level 6. HP: 33/53 MP: 8/8
  2202 | D:4      | Found a staircase to the Ecumenical Temple.
  2208 | Temple   | Entered the Ecumenical Temple
  2216 | Temple   | Became a worshipper of Ashenzari the Shackled
  2505 | D:4      | Reached skill level 5 in Maces & Flails
  2972 | D:5      | Entered Level 5 of the Dungeon
  3219 | D:5      | Noticed a phantom
  3234 | D:5      | Killed a phantom
  3234 | D:5      | Reached XP level 7. HP: 59/59 MP: 10/10
  3247 | D:5      | Found a shimmering altar of Xom.
  3358 | D:5      | Found Uloum's Antique Armour Emporium.
  4095 | D:6      | Found an iron altar of Okawaru.
  4119 | D:6      | Reached XP level 8. HP: 50/67 MP: 12/12
  4469 | D:6      | Reached * piety under Ashenzari
  4900 | D:6      | Found an opulent altar of Gozag.
  5149 | D:7      | Got the arbalest of Dullness {venom, rPois Str-2 Int+4 Dex+6}
  5239 | D:7      | Reached XP level 9. HP: 70/72 MP: 14/14
  5951 | D:7      | Identified the +10 arbalest of Dullness {venom, rPois Str-2 Int+4 Dex+6} (You found it on level 7 of the Dungeon)
  6283 | D:7      | Found a runed door.
  6287 | D:7      | Noticed Crazy Yiuf
  6291 | D:7      | Killed Crazy Yiuf
  6625 | D:8      | HP: 3/74 [poisoned by a killer bee]
  6992 | D:8      | Reached ** piety under Ashenzari
  7177 | D:8      | Reached skill level 5 in Invocations
  7519 | D:9      | Noticed a troll
  7533 | D:9      | Killed a troll
  7533 | D:9      | Reached XP level 10. HP: 24/80 MP: 15/17
  7939 | D:9      | Found a white marble altar of Elyvilon.
  7992 | D:9      | Reached skill level 5 in Short Blades
  7992 | D:9      | Reached skill level 5 in Long Blades
  7992 | D:9      | Reached skill level 5 in Axes
  7992 | D:9      | Reached skill level 5 in Polearms
  7992 | D:9      | Reached skill level 5 in Staves
  7992 | D:9      | Reached skill level 5 in Slings
  7992 | D:9      | Reached skill level 5 in Bows
  7992 | D:9      | Reached skill level 5 in Crossbows
  7992 | D:9      | Reached skill level 5 in Throwing
  7992 | D:9      | Reached skill level 5 in Dodging
  7992 | D:9      | Reached skill level 5 in Stealth
  7992 | D:9      | Reached skill level 5 in Unarmed Combat
  7992 | D:9      | Reached skill level 5 in Spellcasting
  7992 | D:9      | Reached skill level 5 in Evocations
  8141 | D:9      | Found a basalt altar of Yredelemnul.
  8280 | D:9      | Found a glowing golden altar of the Shining One.
  8362 | D:10     | Entered Level 10 of the Dungeon
  8362 | D:10     | Reached *** piety under Ashenzari
  8574 | D:9      | Gained mutation: Scrolls take you a little longer to read. [potion of mutation]
  8574 | D:9      | Gained mutation: Your magical capacity is low. (-10% MP) [potion of mutation]
  8574 | D:9      | Gained mutation: You passively map a small area around you. [potion of mutation]
  8711 | D:10     | HP: 1/82 [troll (6)]
  8720 | D:10     | Killed from afar by an orc wizard

Skill      XL: |  1  2  3  4  5  6  7  8  9 10 |
---------------+-------------------------------+-----
Invocations    | 1 2 3 4 5 |  5.8
Short Blades   | 1 2 3 4 5 |  5.3
Long Blades    | 1 2 3 4 5 |  5.3
Axes           | 1 2 3 4 5 |  5.3
Polearms       | 1 2 3 4 5 |  5.3
Staves         | 1 2 3 4 5 |  5.3
Slings         | 1 2 3 4 5 |  5.3
Bows           | 1 2 3 4 5 |  5.3
Crossbows      | 1 2 3 4 5 |  5.3
Throwing       | 1 2 3 4 5 |  5.3
Dodging        | 1 2 3 4 5 |  5.3
Stealth        | 1 2 3 4 5 |  5.3
Unarmed Combat | 1 2 3 4 5 |  5.3
Spellcasting   | 1 2 3 4 5 |  5.3
Evocations     | 1 2 3 4 5 |  5.3
Conjurations   | 1 2 3 4 |  4.3
Hexes          | 1 2 3 4 |  4.3
Charms         | 1 2 3 4 |  4.3
Summonings     | 1 2 3 4 |  4.3
Necromancy     | 1 2 3 4 |  4.3
Translocations | 1 2 3 4 |  4.3
Transmutations | 1 2 3 4 |  4.3
Fire Magic     | 1 2 3 4 |  4.3
Ice Magic      | 1 2 3 4 |  4.3
Air Magic      | 1 2 3 4 |  4.3
Earth Magic    | 1 2 3 4 |  4.3
Poison Magic   | 1 2 3 4 |  4.3
Maces & Flails | 5 6 7 |  7.1
Fighting       | 7 8 |  8.5
Armour         | 7 8 |  8.5
Shields        | 7 8 |  8.5

Action                   |  1- 3 |  4- 6 |  7- 9 | 10-12 || total
-------------------------+-------+-------+-------+-------++-------
Melee: Flail             |   133 |   132 |   281 |       ||   546
       Bite              |    10 |    22 |    68 |    16 ||   116
       Morningstar       |       |       |   127 |   126 ||   253
Invok: Curse Item        |       |     1 |     1 |       ||     2
  Use: Potion            |       |     1 |     2 |     6 ||     9
       Scroll            |       |     3 |     6 |     1 ||    10
  Eat: Ration            |     2 |     2 |     4 |       ||     8
Armor: Scale mail        |    20 |       |       |       ||    20
       Chain mail        |    62 |    15 |       |       ||    77
       Animal skin       |       |     7 |       |       ||     7
       Plate armour      |       |    37 |   187 |    88 ||   312
Dodge: Dodged            |    26 |    30 |   124 |    67 ||   247
Block: Shield            |   109 |    86 |   305 |   127 ||   627
